[Event "ICC tourney 2359 (30 5)"]
[Site "Internet Chess Club"]
[Date "2021.01.31"]
[Round "1"]
[White "CLGray"]
[Black "TorbenS"]
[Result "1-0"]
[ICCResult "Black checkmated"]
[WhiteElo "989"]
[BlackElo "502"]
[Opening "Queen's pawn, Mason variation"]
[ECO "D00"]
[NIC "QP.08"]
[Time "10:01:41"]
[PlyCount "81"]
[TimeControl "1800+5"]

1. d4 d5 2. Bf4 c6 3. e3 Nf6 4. Bd3 Bg4 5. f3 Bh5 6. Ne2 e6 7. c3 Bd6 8.
Bg3 Bxg3+ 9. hxg3 O-O 10. Nd2 h6 11. Qc2 Nbd7 12. O-O-O Nb6 13. Rh2 a5 14.
Rdh1 g6 15. Nf4 a4 16. g4 Bxg4 17. fxg4 h5 18. gxh5 gxh5 19. Nxh5 Nxh5 20.
Rxh5 Kg7 21. Nf3 Kf6 22. Rh6+ Ke7 23. Ne5 Kd6 24. Rh8 Rxh8 25. Nxf7+ Kd7
26. Nxd8 Kxd8 27. Rxh8+ Kc7 28. Rxa8 Nxa8 29. Qxa4 Nb6 30. Qd1 Nc8 31. g4
Ne7 32. g5 Kd7 33. g6 Ke8 34. Qh5 Kf8 35. Qh8+ Ng8 36. g7+ Kf7 37. Bg6+
Kxg6 38. Qxg8 b6 39. Qf8 Kg5 40. g8=Q+ Kh4 41. Qh6# { Black checkmated }
1-0

[Event "ICC tourney 2359 (30 5)"]
[Site "Internet Chess Club"]
[Date "2021.01.31"]
[Round "1"]
[White "KingZacAttack"]
[Black "SabxmsMB1"]
[Result "0-1"]
[ICCResult "White checkmated"]
[WhiteElo "700"]
[BlackElo "1094"]
[Opening "Queen's pawn: Chigorin variation"]
[ECO "D00"]
[NIC "QP.08"]
[Time "10:01:37"]
[PlyCount "90"]
[TimeControl "1800+5"]

1. d4 d5 2. Nc3 Nc6 3. Bf4 g6 4. e3 Bg7 5. Nf3 Nf6 6. Bd3 O-O 7. a3 Bg4 8.
O-O Bxf3 9. Qxf3 Nh5 10. Bg3 Nxg3 11. Qxg3 e5 12. dxe5 Bxe5 13. Qf3 Qh4 14.
h3 d4 15. exd4 Nxd4 16. Qxb7 Rfb8 17. Qe4 Qxe4 18. Bxe4 Rxb2 19. Bxa8 Nxc2
20. Rab1 Bxc3 21. Rxb2 Bxb2 22. Rb1 Bxa3 23. Rb3 Bd6 24. Rc3 Nd4 25. Ra3
Bxa3 26. Bb7 c5 27. Bd5 Kf8 28. Kf1 Ke7 29. Ke1 Kd6 30. Bc4 Ke5 31. Bxf7
Ke4 32. f3+ Kd3 33. Kd1 c4 34. Bxc4+ Kxc4 35. Kd2 Bb4+ 36. Ke3 a5 37. Ke4
a4 38. Ke5 a3 39. Kf6 a2 40. Kg7 a1=Q 41. Kxh7 Qa7+ 42. Kh6 Nf5+ 43. Kg5
Qe3+ 44. f4 Be7+ 45. Kg4 Qg3# { White checkmated } 0-1

[Event "ICC tourney 2359 (30 5)"]
[Site "Internet Chess Club"]
[Date "2021.01.31"]
[Round "1"]
[White "googlethecat"]
[Black "rchoi2010"]
[Result "1-0"]
[ICCResult "Black resigns"]
[WhiteElo "1123"]
[BlackElo "744"]
[Opening "Giuoco Piano"]
[ECO "C54"]
[NIC "IG.02"]
[Time "10:01:47"]
[PlyCount "117"]
[TimeControl "1800+5"]

1. e4 e5 2. Nf3 Nc6 3. Bc4 Bc5 4. c3 Nf6 5. d3 O-O 6. a4 a6 7. Nbd2 d6 8.
O-O Qe7 9. h3 Be6 10. Bxe6 Qxe6 11. Re1 b5 12. axb5 axb5 13. Rxa8 Rxa8 14.
Nf1 b4 15. d4 exd4 16. cxd4 Bb6 17. d5 Qd7 18. dxc6 Qxc6 19. Ng3 h6 20. Be3
Nxe4 21. Nxe4 Qxe4 22. Bxb6 Qc6 23. Be3 Re8 24. Bxh6 gxh6 25. Rxe8+ Qxe8
26. Qe1 Qxe1+ 27. Nxe1 Kg7 28. Nd3 c5 29. Kf1 Kf6 30. Ke2 Kf5 31. Kf3 f6
32. g4+ Ke6 33. Ke4 d5+ 34. Kf4 c4 35. Nxb4 d4 36. Ke4 d3 37. Nxd3 cxd3 38.
Kxd3 Kd5 39. f4 Kc5 40. f5 Kd5 41. b3 Kc5 42. Kc3 Kd5 43. Kb4 Kc6 44. Kc4
Kd6 45. b4 Kc6 46. Kd4 Kd6 47. b5 Kc7 48. Kc5 Kb7 49. Kb4 Kb6 50. Kc4 Kc7
51. Kd5 Kd7 52. b6 Kc8 53. Ke6 Kb7 54. Kxf6 Kxb6 55. Kg6 Kc6 56. f6 Kd7 57.
f7 Ke7 58. Kg7 h5 59. f8=Q+ { Black resigns } 1-0

[Event "ICC tourney 2359 (30 5)"]
[Site "Internet Chess Club"]
[Date "2021.01.31"]
[Round "1"]
[White "tisernhagen1"]
[Black "Lunastarz138"]
[Result "1/2-1/2"]
[ICCResult "Game drawn by repetition"]
[WhiteElo "1193"]
[BlackElo "840"]
[Opening "Scandinavian: Pytel-Wade variation"]
[ECO "B01"]
[NIC "SD.02"]
[Time "10:02:15"]
[PlyCount "60"]
[TimeControl "1800+5"]

1. e4 d5 2. exd5 Qxd5 3. Nc3 Qd6 4. Nf3 e5 5. Bc4 Be6 6. Bxe6 Qxe6 7. d3
Nf6 8. Bg5 Nbd7 9. O-O Bd6 10. Re1 O-O 11. Qe2 Rfe8 12. Bh4 c5 13. Bg3 b6
14. Ne4 Nxe4 15. Qxe4 Nf6 16. Qe3 e4 17. dxe4 Bxg3 18. hxg3 Qxe4 19. Qxe4
Rxe4 20. Rxe4 Nxe4 21. Re1 Nf6 22. Rd1 g6 23. Kf1 a5 24. Rd6 Ne4 25. Rxb6
Rd8 26. Ke2 Re8 27. Kf1 Rd8 28. Ke2 Re8 29. Kf1 Rd8 30. Ke2 Re8 { Game
drawn by repetition } 1/2-1/2

[Event "ICC tourney 2359 (30 5)"]
[Site "Internet Chess Club"]
[Date "2021.01.31"]
[Round "1"]
[White "m2021chessusa"]
[Black "ChampKidP"]
[Result "0-1"]
[ICCResult "White checkmated"]
[WhiteElo "722"]
[BlackElo "1109"]
[Opening "Scotch game"]
[ECO "C45"]
[NIC "SO.05"]
[Time "10:01:44"]
[PlyCount "70"]
[TimeControl "1800+5"]

1. e4 e5 2. Nf3 Nc6 3. d4 exd4 4. Nxd4 Bc5 5. Be3 Qf6 6. Nxc6 Bxe3 7. fxe3
Qxc6 8. Nc3 Ne7 9. Qf3 O-O 10. O-O-O d6 11. Bb5 Qb6 12. Rhf1 Ng6 13. Bc4
Ne5 14. Qe2 Bg4 15. Bxf7+ Rxf7 16. Qd2 Bxd1 17. Rxd1 Nc4 18. Na4 Nxd2 19.
Nxb6 axb6 20. Rxd2 Rf1+ 21. Rd1 Raf8 22. Kd2 R8f2+ 23. Kc1 Rxd1+ 24. Kxd1
Rxg2 25. b3 Rxh2 26. Kc1 g5 27. Kd1 g4 28. Ke1 g3 29. Kf1 Rxc2 30. Kg1 Rxa2
31. b4 h5 32. b5 h4 33. e5 dxe5 34. e4 h3 35. Kh1 Ra1# { White checkmated }
0-1

[Event "ICC tourney 2359 (30 5)"]
[Site "Internet Chess Club"]
[Date "2021.01.31"]
[Round "1"]
[White "SALucas"]
[Black "BeeGirl"]
[Result "1-0"]
[ICCResult "Black checkmated"]
[WhiteElo "1286"]
[BlackElo "948"]
[Opening "Old Benoni defense"]
[ECO "A43"]
[NIC "OI.09"]
[Time "10:02:32"]
[PlyCount "69"]
[TimeControl "1800+5"]

1. d4 c5 2. e3 b6 3. Nf3 Nf6 4. c4 Bb7 5. Nc3 d5 6. cxd5 Nxd5 7. Bc4 e6 8.
Bd2 g6 9. O-O Bg7 10. Qb3 O-O 11. Rac1 cxd4 12. exd4 Qd7 13. Nxd5 exd5 14.
Be2 Nc6 15. Be3 Na5 16. Qd1 Rac8 17. Qd2 Nc4 18. Bxc4 Rxc4 19. Ne5 Bxe5 20.
dxe5 Qg4 21. f3 Qh4 22. Bf2 Qf4 23. Qxf4 Rxf4 24. Bg3 Rc4 25. Rxc4 dxc4 26.
Rc1 b5 27. Rd1 f6 28. exf6 Bc6 29. Be5 Re8 30. Bc3 Kf7 31. Rd6 Ba8 32. Rd7+
Kf8 33. Bb4+ Kg8 34. f7+ Kh8 35. fxe8=Q# { Black checkmated } 1-0

[Event "ICC tourney 2359 (30 5)"]
[Site "Internet Chess Club"]
[Date "2021.01.31"]
[Round "1"]
[White "Evanthegreatest"]
[Black "Zenowing6"]
[Result "1-0"]
[ICCResult "Black checkmated"]
[WhiteElo "1229"]
[BlackElo "858"]
[Opening "Sicilian: Scheveningen variation"]
[ECO "B80"]
[NIC "SI.19"]
[Time "10:02:32"]
[PlyCount "39"]
[TimeControl "1800+5"]

1. e4 c5 2. Nf3 d6 3. d4 cxd4 4. Nxd4 Nf6 5. Nc3 e6 6. Nf3 Be7 7. Bb5+ Kf8
8. O-O Nc6 9. h3 Ke8 10. Bxc6+ bxc6 11. e5 Nd7 12. exd6 Bf6 13. Bf4 e5 14.
Bh2 Kf8 15. Re1 Qb6 16. Rb1 Nc5 17. Bxe5 Bxe5 18. Nxe5 Ba6 19. Qf3 Qb5 20.
Qxf7# { Black checkmated } 1-0

[Event "ICC tourney 2359 (30 5)"]
[Site "Internet Chess Club"]
[Date "2021.01.31"]
[Round "1"]
[White "WDSTJ1"]
[Black "DDRIZZY"]
[Result "1/2-1/2"]
[ICCResult "Game drawn by repetition"]
[WhiteElo "823"]
[BlackElo "1152"]
[Opening "Queen's pawn game"]
[ECO "E60"]
[NIC "QP.07"]
[Time "10:02:32"]
[PlyCount "83"]
[TimeControl "1800+5"]

1. d4 Nf6 2. e3 g6 3. c4 Bg7 4. Nf3 d6 5. Bd3 Bg4 6. O-O O-O 7. h3 Bxf3 8.
Qxf3 c6 9. Nc3 Nbd7 10. d5 cxd5 11. Nxd5 Nxd5 12. cxd5 Rc8 13. Bd2 b6 14.
Ba6 Rc7 15. Rab1 Nc5 16. Bb5 a6 17. Be2 b5 18. Rbc1 Rc8 19. b4 Nd7 20. Rxc8
Qxc8 21. e4 e6 22. Bf4 Ne5 23. Bxe5 dxe5 24. dxe6 Qxe6 25. Rc1 f5 26. a4
Kh8 27. axb5 axb5 28. Bxb5 Qb6 29. Bc4 Qxb4 30. exf5 Rxf5 31. Qd3 Qb6 32.
Rc2 Qb1+ 33. Kh2 Qb8 34. Kh1 Qb1+ 35. Kh2 Qb8 36. Kh1 Qb1+ 37. Kh2 Qb8 38.
Kh1 Qb1+ 39. Kh2 Qb8 40. Kh1 Qb1+ 41. Kh2 Qb8 42. Kh1 { Game drawn by
repetition } 1/2-1/2

[Event "ICC tourney 2359 (30 5)"]
[Site "Internet Chess Club"]
[Date "2021.01.31"]
[Round "1"]
[White "Andrew588"]
[Black "Naoto"]
[Result "1-0"]
[ICCResult "Black checkmated"]
[WhiteElo "1003"]
[BlackElo "527"]
[Opening "Philidor's defense"]
[ECO "C41"]
[NIC "KP.10"]
[Time "10:01:39"]
[PlyCount "47"]
[TimeControl "1800+5"]

1. e4 e5 2. Nf3 d6 3. g3 Bg4 4. Bg2 Nf6 5. d3 Be7 6. O-O O-O 7. Re1 Nc6 8.
Nbd2 d5 9. c3 dxe4 10. dxe4 Bc5 11. Qc2 a5 12. Nc4 Re8 13. Be3 b6 14. Bxc5
bxc5 15. Rad1 Qc8 16. h4 Bh3 17. Kh2 Bxg2 18. Kxg2 Nh5 19. Qa4 Ra6 20. b3
Nf6 21. Nh2 Ng4 22. Nxg4 Qxg4 23. Rd5 Ne7 24. Qxe8# { Black checkmated }
1-0

[Event "ICC tourney 2359 (30 5)"]
[Site "Internet Chess Club"]
[Date "2021.01.31"]
[Round "1"]
[White "CharlesWilliam"]
[Black "adokianos"]
[Result "0-1"]
[ICCResult "White checkmated"]
[WhiteElo "857"]
[BlackElo "1216"]
[Opening "Scandinavian (center counter) defense"]
[ECO "B01"]
[NIC "VO.17"]
[Time "10:01:38"]
[PlyCount "62"]
[TimeControl "1800+5"]

1. e4 d5 2. Nc3 d4 3. Nb1 e5 4. d3 Nc6 5. Be2 Nf6 6. Nf3 Be6 7. Ng5 Qd7 8.
O-O h6 9. Nxe6 Qxe6 10. f4 Bd6 11. f5 Qd7 12. c3 O-O-O 13. cxd4 Nxd4 14.
Be3 Nxe2+ 15. Qxe2 Kb8 16. Nc3 Bb4 17. Rab1 Qxd3 18. Qxd3 Rxd3 19. Rfe1 Ng4
20. Bf2 Nxf2 21. Kxf2 Rhd8 22. Red1 Bxc3 23. bxc3 Rxd1 24. Rb3 R1d2+ 25.
Kf3 R8d3+ 26. Kg4 Rxg2+ 27. Kh4 Rxh2+ 28. Kg4 Rxa2 29. f6 Rg2+ 30. Kh4 g5+
31. Kh5 Rh3# { White checkmated } 0-1

[Event "ICC tourney 2359 (30 5)"]
[Site "Internet Chess Club"]
[Date "2021.01.31"]
[Round "1"]
[White "Peanutbutter222"]
[Black "RoPro1000"]
[Result "1-0"]
[ICCResult "Black checkmated"]
[WhiteElo "1204"]
[BlackElo "847"]
[Opening "King's pawn game"]
[ECO "C21"]
[NIC "KP.10"]
[Time "10:01:51"]
[PlyCount "35"]
[TimeControl "1800+5"]

1. e4 e5 2. d4 Nc6 3. d5 Nce7 4. Nf3 d6 5. Nc3 Ng6 6. Bg5 f6 7. Be3 Bg4 8.
h3 Bxf3 9. Qxf3 N8e7 10. Bb5+ c6 11. dxc6 bxc6 12. Bc4 Qa5 13. O-O Rb8 14.
Bb3 c5 15. Ba4+ Kd8 16. Rad1 Nc8 17. Qf5 Rxb2 18. Qd7# { Black checkmated }
1-0

[Event "ICC tourney 2359 (30 5)"]
[Site "Internet Chess Club"]
[Date "2021.01.31"]
[Round "1"]
[White "EliT"]
[Black "Winter320"]
[Result "0-1"]
[ICCResult "White checkmated"]
[WhiteElo "378"]
[BlackElo "977"]
[Opening "Caro-Kann defense"]
[ECO "B10"]
[NIC "CK.01"]
[Time "10:01:43"]
[PlyCount "106"]
[TimeControl "1800+5"]

1. e4 c6 2. Nf3 d5 3. exd5 cxd5 4. Nc3 Nf6 5. Bb5+ Bd7 6. Bd3 Nc6 7. O-O e5
8. Be2 Bd6 9. d3 O-O 10. Ng5 h6 11. Nf3 Qc7 12. b3 Rfe8 13. Bb2 e4 14. Nb5
Qb8 15. Nxd6 Qxd6 16. Ne1 exd3 17. Bxd3 Ng4 18. Nf3 Nce5 19. Nxe5 Nxe5 20.
Bxe5 Qxe5 21. Re1 Qg5 22. Rxe8+ Rxe8 23. c4 Bh3 24. Qf3 Bg4 25. Bh7+ Kxh7
26. Qd3+ Bf5 27. Qxd5 Be4 28. Qxg5 hxg5 29. Re1 Kg6 30. g3 Kf5 31. g4+ Kxg4
32. h3+ Kxh3 33. Re3+ Kg4 34. Rg3+ Kf4 35. Re3 f5 36. f3 Bc6 37. Rxe8 Bxe8
38. b4 Bc6 39. b5 Bxf3 40. c5 Ke3 41. a4 b6 42. cxb6 axb6 43. a5 bxa5 44.
b6 Bb7 45. Kf1 a4 46. Ke1 a3 47. Kd1 a2 48. Kc1 a1=Q+ 49. Kc2 Qd4 50. Kb3
Qxb6+ 51. Kc3 Qd4+ 52. Kc2 Be4+ 53. Kc1 Qd2# { White checkmated } 0-1

[Event "ICC tourney 2359 (30 5)"]
[Site "Internet Chess Club"]
[Date "2021.01.31"]
[Round "1"]
[White "arionik10"]
[Black "devmadhavan"]
[Result "0-1"]
[ICCResult "White resigns"]
[WhiteElo "842"]
[BlackElo "1197"]
[Opening "Scotch opening"]
[ECO "C44"]
[NIC "KP.10"]
[Time "10:10:47"]
[PlyCount "74"]
[TimeControl "1800+5"]

1. e4 e5 2. Nf3 Nc6 3. d4 Nf6 4. d5 Nd4 5. Nxe5 d6 6. Qxd4 dxe5 7. Qxe5+
Be7 8. Nc3 O-O 9. Qg3 Bb4 10. Bh6 Nh5 11. Qe5 Nf6 12. Qg5 g6 13. Bxf8 Kxf8
14. e5 Qxd5 15. Qxf6 Qe4+ 16. Be2 Qxc2 17. Qh8+ Ke7 18. Qxh7 Bxc3+ 19. bxc3
Qxc3+ 20. Kd1 Qxa1+ 21. Kd2 Qxh1 22. Bf3 Qa1 23. Qh4+ Kf8 24. Qd8+ Kg7 25.
Qf6+ Kg8 26. Bd5 Qd4+ 27. Ke2 Qxd5 28. g3 Qxa2+ 29. Kf1 Qa6+ 30. Kg2 Qxf6
31. exf6 Be6 32. f4 Rd8 33. Kf3 c5 34. h4 c4 35. h5 c3 36. hxg6 fxg6 37.
f7+ Bxf7 { White resigns } 0-1

[Event "ICC tourney 2359 (30 5)"]
[Site "Internet Chess Club"]
[Date "2021.01.31"]
[Round "1"]
[White "summermonkey291"]
[Black "ModaGoat30"]
[Result "1-0"]
[ICCResult "Black checkmated"]
[WhiteElo "1099"]
[BlackElo "700"]
[Opening "QGA: 3.e4"]
[ECO "D20"]
[NIC "QG.04"]
[Time "10:02:03"]
[PlyCount "47"]
[TimeControl "1800+5"]

1. d4 d5 2. c4 dxc4 3. e4 Nc6 4. d5 Ne5 5. Bf4 f6 6. Bxe5 fxe5 7. Bxc4 Nf6
8. Nc3 g6 9. Nf3 Bg7 10. Nxe5 O-O 11. d6+ e6 12. Qb3 Re8 13. Bb5 Bd7 14.
Nxd7 Nxd7 15. Rd1 a6 16. dxc7 Qxc7 17. Bxd7 Rf8 18. Bxe6+ Kh8 19. Nd5 Qa5+
20. Nc3 Qb6 21. Qxb6 Be5 22. Qxb7 Rfe8 23. Rd7 Rab8 24. Rxh7# { Black
checkmated } 1-0

[Event "ICC tourney 2359 (30 5)"]
[Site "Internet Chess Club"]
[Date "2021.01.31"]
[Round "1"]
[White "rjaichand"]
[Black "slayer76"]
[Result "1-0"]
[ICCResult "Black resigns"]
[WhiteElo "1126"]
[BlackElo "800"]
[Opening "Philidor: Larsen variation"]
[ECO "C41"]
[NIC "KP.08"]
[Time "10:01:43"]
[PlyCount "115"]
[TimeControl "1800+5"]

1. e4 e5 2. Nf3 d6 3. d4 exd4 4. Nxd4 g6 5. Bc4 Nf6 6. Bg5 Bg7 7. Nc3 O-O
8. Qf3 Nbd7 9. Nd5 c5 10. Ne2 a6 11. Nxf6+ Nxf6 12. Bxf6 Bxf6 13. O-O-O Qb6
14. Qxf6 Qa5 15. Qc3 Qc7 16. Qd3 b5 17. Bd5 Bb7 18. Bxb7 Qxb7 19. Qxd6 c4
20. Qd5 Qxd5 21. Rxd5 b4 22. Rc5 b3 23. Rxc4 bxa2 24. Ra4 Rfe8 25. Nc3
a1=Q+ 26. Rxa1 f5 27. exf5 gxf5 28. Ra5 Rf8 29. Rd1 Ra7 30. Rd6 Re8 31.
Rdxa6 Re1+ 32. Kd2 Rae7 33. Ra8+ Kg7 34. R8a7 Re6 35. Rxe7+ Rxe7 36. Rxf5
Kg6 37. Rf3 Rd7+ 38. Kc1 Ra7 39. Rg3+ Kh6 40. Kd2 Rd7+ 41. Rd3 Rf7 42. Ke2
Re7+ 43. Re3 Rg7 44. g3 Kh5 45. Re5+ Kg4 46. Re4+ Kh3 47. Rh4+ Kg2 48. b4
Rf7 49. Rf4 Re7+ 50. Re4 Rf7 51. f4 Kxh2 52. Kf2 Rg7 53. Re5 Rxg3 54. Rh5+
Rh3 55. Rxh3+ Kxh3 56. f5 Kg4 57. f6 Kg5 58. f7 { Black resigns } 1-0

[Event "ICC tourney 2359 (30 5)"]
[Site "Internet Chess Club"]
[Date "2021.01.31"]
[Round "1"]
[White "chessgabby"]
[Black "EthanKurian"]
[Result "1-0"]
[ICCResult "Black checkmated"]
[WhiteElo "1092"]
[BlackElo "686"]
[Opening "QGD: 3.Nc3"]
[ECO "D31"]
[NIC "QO.17"]
[Time "10:01:51"]
[PlyCount "91"]
[TimeControl "1800+5"]

1. d4 e6 2. c4 d5 3. Nc3 Ne7 4. Bf4 a6 5. Nf3 Nbc6 6. e3 Bd7 7. a3 dxc4 8.
Bxc4 b5 9. Bb3 Ng6 10. O-O Nxf4 11. exf4 Bd6 12. Qd2 O-O 13. Rfe1 Re8 14.
Ne4 Bf8 15. d5 exd5 16. Bxd5 Be7 17. Nfg5 Bxg5 18. Nxg5 Rxe1+ 19. Rxe1 Be8
20. Rxe8+ Qxe8 21. Bxf7+ Qxf7 22. Nxf7 Kxf7 23. Qd7+ Kf6 24. Qxc6+ Ke7 25.
Qxa8 Kd6 26. Qxa6+ c6 27. h4 Kd5 28. g3 c5 29. Qb7+ Kd4 30. Qxg7+ Kd5 31.
Qxh7 c4 32. Qf5+ Kd4 33. Qxb5 Kd3 34. Qd5+ Kc2 35. Qxc4+ Kxb2 36. Qb4+ Kc2
37. Kf1 Kd3 38. Ke1 Kc2 39. Qd2+ Kb3 40. Qd7 Kxa3 41. Qb7 Ka2 42. Kd2 Ka3
43. Qb5 Ka2 44. Qb4 Ka1 45. Kc2 Ka2 46. Qb2# { Black checkmated } 1-0

[Event "ICC tourney 2359 (30 5)"]
[Site "Internet Chess Club"]
[Date "2021.01.31"]
[Round "1"]
[White "AnkleBreaker21"]
[Black "SAEpicDH"]
[Result "0-1"]
[ICCResult "White checkmated"]
[WhiteElo "902"]
[BlackElo "1240"]
[Opening "Sicilian: Grand Prix attack"]
[ECO "B23"]
[NIC "SI.44"]
[Time "10:02:32"]
[PlyCount "68"]
[TimeControl "1800+5"]

1. e4 c5 2. Nc3 Nc6 3. f4 d6 4. Nf3 Bg4 5. Bc4 Nf6 6. d3 Nd4 7. Be3 Bxf3 8.
gxf3 g6 9. Qe2 Nxe2 10. Nxe2 Bg7 11. Nc3 O-O 12. O-O-O a6 13. d4 cxd4 14.
Bxd4 b5 15. Be2 Qd7 16. e5 dxe5 17. Bxe5 Qe6 18. Bd4 Rfd8 19. Kb1 Nd5 20.
Ne4 Bxd4 21. Rxd4 f5 22. Nc5 Qxe2 23. Nb3 Qxf3 24. a3 Qxh1+ 25. Ka2 a5 26.
Na1 Nb4+ 27. axb4 axb4+ 28. Kb3 Rxd4 29. c3 Qd1+ 30. Nc2 Rd2 31. h4 Qxc2+
32. Kxb4 Qxb2+ 33. Kc5 Qxc3+ 34. Kxb5 Rb2# { White checkmated } 0-1

[Event "ICC tourney 2359 (30 5)"]
[Site "Internet Chess Club"]
[Date "2021.01.31"]
[Round "1"]
[White "LuckyDuck3"]
[Black "TolgaE"]
[Result "1-0"]
[ICCResult "Black checkmated"]
[WhiteElo "554"]
[BlackElo "1005"]
[Opening "Queen's pawn game, Chigorin variation"]
[ECO "D02"]
[NIC "QP.08"]
[Time "10:01:42"]
[PlyCount "61"]
[TimeControl "1800+5"]

1. d4 d5 2. Nf3 Nc6 3. e3 Nf6 4. Bd3 Bg4 5. Nbd2 e6 6. h3 Bh5 7. O-O Bd6 8.
e4 O-O 9. e5 Nxd4 10. exd6 Nxf3+ 11. Nxf3 Qxd6 12. g4 Bg6 13. Bxg6 fxg6 14.
b3 Ne4 15. Bb2 Qf4 16. Kg2 h5 17. Nh4 Qg5 18. Qd4 Rf7 19. Nf3 Qf4 20. Nh2
hxg4 21. hxg4 c6 22. f3 Qg3+ 23. Kh1 Re8 24. fxe4 e5 25. Qg1 Rxf1 26. Rxf1
Qh4 27. Qf2 Qh3 28. Qf7+ Kh7 29. Qxe8 dxe4 30. Rf8 e3 31. Rh8# { Black
checkmated } 1-0

[Event "ICC tourney 2359 (30 5)"]
[Site "Internet Chess Club"]
[Date "2021.01.31"]
[Round "1"]
[White "Tyler08"]
[Black "infernowall"]
[Result "0-1"]
[ICCResult "White checkmated"]
[WhiteElo "668"]
[BlackElo "1064"]
[Opening "Sicilian"]
[ECO "B50"]
[NIC "SI.01"]
[Time "10:11:38"]
[PlyCount "86"]
[TimeControl "1800+5"]

1. e4 c5 2. Nf3 d6 3. Na3 Nf6 4. Bd3 g6 5. O-O Bg7 6. b3 O-O 7. Bb2 Nc6 8.
Re1 e5 9. Nc4 b5 10. Nxd6 Qxd6 11. Bxb5 a6 12. Bc4 Bg4 13. h3 Bxf3 14. Qxf3
Nd4 15. Bxd4 cxd4 16. Rad1 Qa3 17. Ra1 Qb2 18. a3 Qxc2 19. a4 Qxd2 20. Rac1
Rfe8 21. h4 Qf4 22. g3 Qxf3 23. Be2 Qxe4 24. Bc4 Qf3 25. Be2 Qxb3 26. Bc4
Qxa4 27. Re2 Rec8 28. Ra2 Qb4 29. Rac2 a5 30. Bd5 Rxc2 31. Rxc2 Qb1+ 32.
Kg2 Qxc2 33. Bxa8 a4 34. Bf3 a3 35. g4 a2 36. g5 Nh5 37. Bxh5 gxh5 38. g6
hxg6 39. Kh1 a1=Q+ 40. Kg2 Qaa2 41. Kh1 g5 42. hxg5 Qxf2 43. g6 Qa1# {
White checkmated } 0-1

[Event "ICC tourney 2359 (30 5)"]
[Site "Internet Chess Club"]
[Date "2021.01.31"]
[Round "1"]
[White "IsabellaRita"]
[Black "Goofymammoth"]
[Result "0-1"]
[ICCResult "White checkmated"]
[WhiteElo "925"]
[BlackElo "1254"]
[Opening "Old Benoni defense"]
[ECO "A43"]
[NIC "OI.09"]
[Time "10:02:32"]
[PlyCount "116"]
[TimeControl "1800+5"]

1. d4 c5 2. Nf3 cxd4 3. Nxd4 d5 4. Bf4 Nc6 5. e3 Nf6 6. Bd3 e6 7. O-O Be7
8. Nf3 O-O 9. Nbd2 Bd6 10. Bxd6 Qxd6 11. g3 e5 12. Ng5 h6 13. Nh3 Bxh3 14.
f4 Bxf1 15. Qxf1 exf4 16. exf4 Qc5+ 17. Kh1 Rfe8 18. Qg2 d4 19. Ne4 Nxe4
20. Bxe4 Re7 21. Re1 Rae8 22. g4 Qd5 23. Bxd5 Rxe1+ 24. Qg1 Rxg1+ 25. Kxg1
Re2 26. Bc4 Rxc2 27. Bd3 Rxb2 28. a4 Rd2 29. Bc4 d3 30. Kf1 Rd1+ 31. Kf2 d2
32. Ke2 Rc1 33. Bb3 Nd4+ 34. Kxd2 Nxb3+ 35. Ke2 Rc4 36. Kd3 Rxa4 37. Kc2
Rxf4 38. Kxb3 Rxg4 39. h3 f5 40. hxg4 fxg4 41. Kc3 g3 42. Kd3 g2 43. Kd4
g1=Q+ 44. Ke4 Qg5 45. Kd4 Qf5 46. Kc4 Qe5 47. Kb4 Qd5 48. Ka4 Qc5 49. Kb3
Qd4 50. Ka3 Qc4 51. Kb2 Qd3 52. Ka2 Qc3 53. Kb1 Qd2 54. Ka1 h5 55. Kb1 h4
56. Ka1 h3 57. Kb1 h2 58. Ka1 h1=Q# { White checkmated } 0-1

[Event "ICC tourney 2359 (30 5)"]
[Site "Internet Chess Club"]
[Date "2021.01.31"]
[Round "1"]
[White "CameronSiegal"]
[Black "SAanjyu"]
[Result "0-1"]
[ICCResult "White resigns"]
[WhiteElo "781"]
[BlackElo "1125"]
[Opening "Dutch"]
[ECO "A80"]
[NIC "HD.12"]
[Time "10:01:43"]
[PlyCount "50"]
[TimeControl "1800+5"]

1. d4 f5 2. Nf3 g6 3. e3 Nf6 4. c4 Bg7 5. Bd3 Nc6 6. O-O O-O 7. Nc3 d6 8.
d5 Nb8 9. e4 e5 10. exf5 Bxf5 11. Bxf5 gxf5 12. Bd2 Nbd7 13. Ng5 Rf7 14.
Ne6 Qe7 15. b3 c6 16. Nxg7 Rxg7 17. Bh6 Rg6 18. Be3 f4 19. Bd2 Qg7 20. g3
Ng4 21. h3 Ngf6 22. Ne2 Qh6 23. h4 Qxh4 24. Qc2 Qh3 25. Qe4 Nxe4 { White
resigns } 0-1

[Event "ICC tourney 2359 (30 5)"]
[Site "Internet Chess Club"]
[Date "2021.01.31"]
[Round "1"]
[White "divijdogra"]
[Black "Chessguy2008"]
[Result "1-0"]
[ICCResult "Black resigns"]
[WhiteElo "1136"]
[BlackElo "800"]
[Opening "Queen's pawn game, Chigorin variation"]
[ECO "D02"]
[NIC "QP.08"]
[Time "10:01:41"]
[PlyCount "81"]
[TimeControl "1800+5"]

1. d4 d5 2. Nf3 Nc6 3. e3 Bg4 4. c4 Nf6 5. h3 Bh5 6. Nc3 e6 7. Bd2 Be7 8.
Be2 O-O 9. O-O a6 10. cxd5 exd5 11. a3 Re8 12. Ne5 Bxe2 13. Nxc6 Bxd1 14.
Nxd8 Raxd8 15. Raxd1 h6 16. Ne2 b6 17. Rc1 Bd6 18. Bb4 Rd7 19. Bxd6 cxd6
20. Rc6 Rb8 21. Rfc1 Rdd8 22. b4 a5 23. bxa5 bxa5 24. Ra6 Ra8 25. Rcc6 Ne8
26. Nf4 Rxa6 27. Rxa6 Nc7 28. Rxa5 g5 29. Nxd5 Nxd5 30. Rxd5 Kg7 31. Kh2
Kf6 32. e4 Kg6 33. Kg3 Kf6 34. a4 Ke6 35. a5 Rd7 36. Kg4 f6 37. Rf5 Rf7 38.
Kh5 Rh7 39. a6 Rf7 40. Kxh6 Rf8 41. a7 { Black resigns } 1-0

[Event "ICC tourney 2359 (30 5)"]
[Site "Internet Chess Club"]
[Date "2021.01.31"]
[Round "1"]
[White "Em555"]
[Black "alexplaysyt2"]
[Result "0-1"]
[ICCResult "White checkmated"]
[WhiteElo "937"]
[BlackElo "1283"]
[Opening "Queen's pawn: London system"]
[ECO "A45"]
[NIC "QP.07"]
[Time "10:01:45"]
[PlyCount "92"]
[TimeControl "1800+5"]

1. d4 Nf6 2. Bf4 d6 3. e3 g6 4. c3 Bg7 5. Bd3 O-O 6. Nf3 Nbd7 7. Nbd2 c5 8.
Qc2 cxd4 9. cxd4 Nb6 10. O-O Be6 11. Rfe1 Rc8 12. Qd1 Bg4 13. h3 Bxf3 14.
Qxf3 Rb8 15. Rac1 Re8 16. Bg5 Nbd7 17. Rc3 Nb6 18. Rec1 Qd7 19. Rc7 Qe6 20.
Qg3 h6 21. Bxf6 Qxf6 22. Bb5 Rec8 23. Rxc8+ Rxc8 24. Rxc8+ Nxc8 25. Bd7 Nb6
26. Bb5 Qf5 27. Nb3 Qxb5 28. Qf3 Qd7 29. Qe4 d5 30. Qf4 Qd6 31. Qf3 Nc4 32.
Nc5 b6 33. Nd3 e5 34. Kh1 exd4 35. exd4 Bxd4 36. Nf4 Qf6 37. Qg3 Qd6 38.
Qg4 Bxb2 39. Nd3 Bg7 40. Qf3 Ne5 41. Nxe5 Qxe5 42. a4 Qc7 43. Qxd5 Be5 44.
Qa8+ Kg7 45. Qe4 Qc1+ 46. Qe1 Qxe1# { White checkmated } 0-1

[Event "ICC tourney 2359 (30 5)"]
[Site "Internet Chess Club"]
[Date "2021.01.31"]
[Round "1"]
[White "kashkanna"]
[Black "SABXMSROB1"]
[Result "0-1"]
[ICCResult "White checkmated"]
[WhiteElo "800"]
[BlackElo "1132"]
[Opening "Four knights: Scotch, 4...exd4"]
[ECO "C47"]
[NIC "KP.06"]
[Time "10:01:52"]
[PlyCount "114"]
[TimeControl "1800+5"]

1. e4 e5 2. Nf3 Nc6 3. Nc3 Nf6 4. d4 exd4 5. Nxd4 Nxd4 6. Qxd4 c5 7. Qd1
Qe7 8. f3 d6 9. Bg5 Be6 10. Bb5+ Bd7 11. Bc4 Qe5 12. Bxf6 Qxf6 13. Rb1
O-O-O 14. Nb5 Bxb5 15. Bxb5 Qh4+ 16. g3 Qh3 17. Qd5 Qg2 18. Rf1 Qxh2 19.
Kd1 g6 20. b4 Bh6 21. Bc6 Qg2 22. Bxb7+ Kd7 23. Qc6+ Ke7 24. f4 Qxf1+ 25.
Kd2 Qxb1 26. Qc7+ Rd7 27. Qc6 Qxb4+ 28. Kc1 Qxb7 29. Qa4 Rb8 30. Qa3 Qb2+
31. Qxb2 Rxb2 32. Kxb2 Bxf4 33. gxf4 d5 34. e5 d4 35. Kc1 Ke6 36. Kd2 Kf5
37. Kd3 Kxf4 38. c3 dxc3+ 39. Kxc3 Kxe5 40. Kc4 f5 41. Kxc5 Rc7+ 42. Kb5
a6+ 43. Kxa6 Ra7+ 44. Kxa7 f4 45. a4 f3 46. a5 f2 47. a6 f1=Q 48. Kb7 Qf7+
49. Kb6 Kd6 50. a7 Qb3+ 51. Ka6 Kc5 52. a8=N Qb5+ 53. Ka7 Kc6 54. Nb6 Qb4
55. Ka8 Qa5+ 56. Kb8 Qxb6+ 57. Ka8 Qb7# { White checkmated } 0-1